Map: New Gettysburg LE

Players

Firetracks

  • Race: Protoss Protoss
  • League: Silver
  • Spawn Location: 5:00

Fropez - Winner!

  • Race: Protoss Protoss
  • League: Gold
  • Spawn Location: 7:00

VOD

Have the link to the VOD?

Description

Time

  • Played on: Aug. 22, 2016, 5:15 p.m.
  • Length: 4:44
Show
View Real Time Build Order
Export as new Build Order

Firetracks Protoss 

Build Orders:  

Get SALT Encoding   

  12  0:05  Probe (Chrono Boost)  
  13  0:16  Probe (Chrono Boost)  
  14  0:23  Pylon  
  14  0:27  Probe (Chrono Boost)  
  15  0:31  Assimilator  
  15  0:41  Probe (Chrono Boost)  
  16  0:51  Probe (Chrono Boost)  
  16  0:52  Gateway  
  17  1:02  Probe (Chrono Boost)  
  18  1:11  Assimilator  
  18  1:13  Probe (Chrono Boost)  
  19  1:23  Probe (Chrono Boost)  
  19  1:24  Pylon  
  20  1:34  Probe (Chrono Boost)  
  21  1:40  Cybernetics Core  
  21  1:44  Probe (Chrono Boost)  
  22  1:55  Probe (Chrono Boost)  
  23  2:03  Nexus  
  23  2:14  Assimilator  
  23  2:16  Assimilator  
  23  2:24  Stargate  
  23  2:30  Pylon  
  23  2:33  Stalker  
  25  2:50  Pylon  
  25  2:55  Mothership Core (Chrono Boost)  
  27  3:03  Stalker  
  29  3:11  Void Ray (Chrono Boost)  
  33  3:17  Probe  
  34  3:23  Probe  
  35  3:35  Probe  
  36  3:47  Probe  
  37  3:49  Void Ray (Chrono Boost)  
  41  3:57  Probe  
  42  4:08  Probe  
  43  4:18  Probe  
  43  4:21  Probe  
  45  4:29  Probe  
Show
View Real Time Build Order
Export as new Build Order

Fropez Protoss - Winner!

Build Orders: 1 Gate Expand 

Get SALT Encoding   

  12  0:01  Probe (Chrono Boost)  
  13  0:19  Pylon  
  13  0:20  Probe (Chrono Boost)  
  14  0:30  Probe (Chrono Boost)  
  15  0:37  Gateway  
  15  0:41  Probe (Chrono Boost)  
  16  0:55  Gateway  
  16  0:58  Probe (Chrono Boost)  
  17  1:08  Probe (Chrono Boost)  
  18  1:15  Pylon  
  18  1:37  Nexus  
  18  1:46  Cybernetics Core  
  18  1:50  Probe (Chrono Boost)  
  19  1:54  Assimilator  
  19  1:59  Assimilator  
  20  2:01  Probe (Chrono Boost)  
  20  2:14  Probe (Chrono Boost)  
  21  2:27  Probe (Chrono Boost)  
  22  2:31  Zealot x2  
  26  2:37  Probe (Chrono Boost)  
  26  2:43  Warp Gate (Chrono Boost)  
  27  2:47  Probe  
  27  2:48  Probe  
  29  2:56  Pylon, Mothership Core  
  29  3:00  Probe  
  29  3:04  Pylon  
  32  3:13  Pylon, Probe  
  33  3:28  Probe  
  34  3:34  Probe  
  34  3:35  Forge  
  34  3:39  Gateway  
  36  3:41  Probe  
  36  3:42  Assimilator  
  36  3:45  Probe  
  37  3:51  Assimilator  
  37  3:56  Pylon  
  37  3:57  Probe x2  
  37  4:07  Probe  
  38  4:11  Photon Cannon  
  38  4:16  Photon Cannon  
  38  4:36  Stargate  
  38  4:37  Stargate  
  38  4:43  Pylon  
Tags
 
Matchup
PvP
Replay Pack
All Mines
Spawn Locations
Close Positions
Add a new tag
Caveats
  • Supply blocks, unpowered buildings, or Contaminate may cause inaccurate times.
  • Supply counts are checked every 10 seconds.